 Dungeon Crawl Stone Soup version 0.21-a0-531-gacddea6 (webtiles) character file.

59070 graki42 the Eclecticist (level 14, -16/70 HPs)
             Began as a Deep Elf Fire Elementalist on Dec 11, 2017.
             Was a High Priest of Vehumet.
             Demolished by a freezing wraith (20 damage)
             ... led by a death knight
             ... on level 12 of the Dungeon on Dec 14, 2017.
             The game lasted 01:44:26 (21833 turns).

graki42 the Eclecticist (DEFE)                     Turns: 21833, Time: 01:44:27

Health: -16/70     AC: 10    Str:  8    XL:     14   Next: 51%
Magic:  20/49      EV: 17    Int: 26    God:    Vehumet [*****.]
Gold:   1052       SH:  0    Dex: 21    Spells: 17/48 levels left

rFire    + . .     SeeInvis .   F - staff of power
rCold    . . .     Gourm    .   (no shield)
rNeg     . . .     Faith    .   A - +2 robe {rC+}
rPois    .         Spirit   .   y - +2 helmet {Int+3}
rElec    .         Reflect  .   Q - scarf {cloud immunity}
rCorr    .         Harm     .   V - +1 pair of gloves
MR       .....                  C - +0 pair of boots
Stlth    +++.......             (no amulet)
HPRegen  0.21/turn              X - +6 ring of dexterity
MPRegen  0.31/turn              v - ring of fire

@: vulnerable
A: low mp 1
a: Renounce Religion


You were on level 12 of the Dungeon.
You worshipped Vehumet.
Vehumet was extremely pleased with you.
You were not hungry.

You visited 3 branches of the dungeon, and saw 19 of its levels.

You collected 1052 gold pieces.

Inventory:

Armour
 y - a +2 helmet of intelligence (worn)
 A - a +2 robe of cold resistance (worn)
 C - a +0 pair of boots (worn)
 Q - a scarf of cloud immunity (worn)
 V - a +1 pair of gloves (worn)
Magical Staves
 u - an uncursed staff of cold
 F - an uncursed staff of power (weapon)
 I - an uncursed staff of poison
 K - an uncursed staff of air
Jewellery
 v - a ring of fire (right hand)
 X - a +6 ring of dexterity (left hand)
Wands
 k - a wand of acid (8)
 w - a wand of disintegration (31)
 z - a wand of digging (1)
 D - a wand of clouds (12)
Scrolls
 b - a scroll of immolation
 d - 7 scrolls of teleportation
 e - a scroll of amnesia
 g - 7 scrolls of fog
 i - 3 scrolls of identify
 p - 11 scrolls of remove curse
 q - 2 scrolls of blinking
 t - a scroll of magic mapping
Potions
 a - 2 potions of heal wounds
 h - a potion of resistance
 n - 2 potions of brilliance
 o - a potion of flight
 r - 3 potions of curing
 B - a potion of invisibility
 E - a potion of cancellation
 N - 2 potions of magic
 O - 3 potions of haste
Miscellaneous
 f - a phantom mirror
 l - a sack of spiders
 m - a lamp of fire
 s - a lightning rod (4/4)
Comestibles
 c - 9 bread rations
 j - 5 meat rations
 x - 9 chunks of flesh
 H - 14 royal jellies
 J - 4 fruits


   Skills:
 + Level 1.3 Fighting
 + Level 3.9 Armour
 + Level 5.9 Dodging
 + Level 5.1 Stealth
 + Level 17.9 Spellcasting
 + Level 14.1 Conjurations
 + Level 3.1 Hexes
 + Level 0.1 Charms
 + Level 14.5 Fire Magic
 + Level 5.8 Ice Magic
 + Level 0.7 Air Magic
 + Level 1.2 Earth Magic
 + Level 1.7 Poison Magic
 + Level 0.1 Evocations


You had 17 spell levels left.
You knew the following spells:

 Your Spells              Type           Power        Failure   Level  Hunger
a - Flame Tongue          Conj/Fire      #####        0%          1    None
b - Conjure Flame         Conj/Fire      #######.     0%          3    None
c - Inner Flame           Hex/Fire       #######.     1%          3    None
d - Sticky Flame          Conj/Fire      #######.     1%          4    None
e - Fireball              Conj/Fire      #######...   1%          5    None
f - Throw Icicle          Conj/Ice       ######..     1%          4    None
g - Mephitic Cloud        Conj/Pois/Air  ######..     1%          3    None
h - Regeneration          Chrm/Necr      ###.......   6%          3    None
i - Bolt of Magma         Conj/Fire/Erth #######...   1%          5    None


Dungeon Overview and Level Annotations

Branches:
Dungeon (12/15)            Temple (1/1) D:7            Lair (6/6) D:10
 Shoals (0/4) Lair:4       Spider (0/4) Lair:3        Slime (0/5) Lair:6
    Orc: D:9-12

Altars:
Ashenzari
Dithmenos
Elyvilon
Fedhas
Gozag
Makhleb
Nemelex Xobeh
Okawaru
Qazlal
Sif Muna
Vehumet
Wu Jian
Xom
Yredelemnul
Zin
The Shining One
Jiyva

Shops:
D:8 [   D:9 (

Annotations:
Lair:6 1 runed door


Innate Abilities, Weirdness & Mutations

Your magical capacity is low. (-10% MP)


Message History

Vehumet accepts your kill.
You feel your power returning.
The bolt of magma hits the freezing wraith.
The freezing wraith is burned terribly!
The freezing wraith is severely damaged.
The phantasmal warrior hits you!!
Casting: Bolt of Magma
Confirm with . or Enter, or press ? or * to list all spells.
Aiming: Bolt of Magma
Press: ? - help, Shift-Dir - straight line, f - phantasmal warrior
Aim: a phantasmal warrior You feel a surge of power!
The bolt of magma misses the phantasmal warrior.
The phantasmal warrior hits you!!
* * * LOW HITPOINT WARNING * * *
Your magical defenses are stripped away!
The freezing wraith hits you.
* * * LOW HITPOINT WARNING * * *
The freezing wraith freezes you!!
You die...

....# #...# #..# #........ ....#
#...# #..# #..)..... ....# #...#
#..# #......). .)..# #...# #..#
#.....>.. .).<# #...# #..#
#..p..... ....# #...# #..#
#........ ....# #...#
#..#####........
....#####...######....).).....>..
....[.......)..W@W.p.............
#################################


You could see a death knight, a phantasmal warrior and a freezing wraith.

Vanquished Creatures
  Kirke (Lair:6)
  Snorg (Lair:5)
  6 hydras
  A catoblepas (Lair:2)
  A merfolk avatar (Lair:6)
  A tengu warrior (D:12)
  3 two-headed ogres
  Erica (Lair:1)
  Urug (D:10)
  9 death yaks
  A skeletal warrior (D:12)
  2 sea snakes (Lair:6)
  A harpy (Lair:6)
  Pikel (D:5)
  2 cyclopes (D:11)
  2 manticores
  An oklob plant (Lair:4)
  A deep elf mage (D:12)
  An ugly thing (D:11)
  14 elephants
  A black mamba (Lair:4)
  12 spiny frogs
  The ghost of zkyp the Ruffian, a novice VSMo of Wu Jian (D:6)
  A gargoyle (D:10)
  7 rime drakes
  12 komodo dragons
  A freezing wraith (D:12)
  3 trolls
  A wind drake (Lair:6)
  5 polar bears (Lair:6)
  5 blink frogs (Lair:6)
  6 hornets
  4 dream sheep (Lair:6)
  7 hippogriffs
  3 shadows (D:12)
  5 wyverns
  7 basilisks
  25 yaks
  A hungry ghost (D:8)
  6 hogs (Lair:6)
  Grum (D:10)
  2 vampire mosquitoes (D:12)
  2 acid dragons
  Duvessa (D:7)
  11 water moccasins
  4 orc warriors
  6 porcupines
  2 ice beasts
  3 slaves
  2 phantoms
  3 sky beasts
  9 ogres
  4 centaurs
  11 wolves
  8 crocodiles
  13 bullfrogs
  Dowan (D:7)
  5 scorpions
  13 killer bees
  The ghost of p0werm0de the Chopper, a weakling DsCK of Xom (D:3)
  13 wights
  3 howler monkeys
  A crimson imp (D:12)
  2 centaur zombies
  7 orc priests
  A quasit (D:9)
  3 bullfrog skeletons
  A jelly (D:9)
  5 hounds
  6 orc wizards
  3 centaur skeletons
  Ijyb (D:4)
  3 iguanas
  6 hell rats (Lair:6)
  12 worker ants
  A killer bee zombie (D:6)
  2 hound skeletons
  A hound zombie (D:6)
  A howler monkey zombie (D:6)
  A worker ant zombie (D:9)
  7 gnolls
  12 adders
  A shadow imp (D:6)
  A white imp (D:7)
  2 oozes (D:3)
  2 adder zombies
  An adder skeleton (D:7)
  5 worms
  4 dart slugs
  A leopard gecko (D:9)
  32 orcs
  6 giant cockroaches
  4 goblins
  5 hobgoblins
  2 jackals (D:4)
  2 quokkas
  A ball python (D:1)
  7 bats
  6 frilled lizards
  A jackal skeleton (D:4)
  15 kobolds
  5 rats
  3 bushes (D:10)
  A fungus (Lair:6)
  7 plants
472 creatures vanquished.

Vanquished Creatures (others)
  A human (Lair:6)
  A quokka (D:9)
  2 bushes (Lair:6)
  15 fungi
  17 plants
36 creatures vanquished.

Grand Total: 508 creatures vanquished

Notes
Turn   | Place    | Note
-------+----------+-------------------------------------------
     0 | D:1      | graki42 the Deep Elf Fire Elementalist began the quest for the Orb.
     0 | D:1      | Reached XP level 1. HP: 10/10 MP: 6/6
   204 | D:1      | Reached XP level 2. HP: 15/15 MP: 6/8
  1015 | D:2      | Reached XP level 3. HP: 19/19 MP: 7/9
  1161 | D:2      | Reached skill level 4 in Spellcasting
  1217 | D:2      | Reached XP level 4. HP: 13/24 MP: 0/12
  1475 | D:2      | Learned a level 3 spell: Conjure Flame
  1479 | D:2      | Learned a level 3 spell: Inner Flame
  1513 | D:2      | Found a shadowy altar of Dithmenos.
  2083 | D:3      | Found a sparkling altar of Nemelex Xobeh.
  2209 | D:3      | Reached XP level 5. HP: 21/28 MP: 1/13
  2427 | D:3      | Noticed p0werm0de's ghost (weakling DsCK)
  2443 | D:3      | Killed p0werm0de's ghost
  2651 | D:3      | Found an opulent altar of Gozag.
  2916 | D:4      | Noticed a phantom
  2935 | D:4      | Killed a phantom
  2935 | D:4      | Reached skill level 5 in Spellcasting
  2935 | D:4      | Reached XP level 6. HP: 16/32 MP: 1/15
  3541 | D:4      | Reached skill level 5 in Fire Magic
  3564 | D:4      | Reached skill level 1 in Armour
  3603 | D:4      | Learned a level 4 spell: Sticky Flame
  3609 | D:4      | Learned a level 5 spell: Fireball
  3658 | D:4      | Reached skill level 6 in Spellcasting
  3658 | D:4      | Reached XP level 7. HP: 29/36 MP: 1/18
  3968 | D:4      | Noticed Ijyb
  3976 | D:4      | Killed Ijyb
  4098 | D:5      | Entered Level 5 of the Dungeon
  4169 | D:5      | Noticed Pikel
  4754 | D:5      | Found a glowing golden altar of the Shining One.
  4812 | D:5      | Found a blossoming altar of Fedhas.
  5119 | D:5      | Found a basalt altar of Yredelemnul.
  5319 | D:5      | Found a shimmering altar of Xom.
  5438 | D:5      | Killed Pikel
  5438 | D:5      | Reached skill level 7 in Spellcasting
  5438 | D:5      | Reached skill level 5 in Conjurations
  5438 | D:5      | Reached XP level 8. HP: 36/42 MP: 0/21
  5748 | D:6      | Reached skill level 8 in Spellcasting
  6350 | D:6      | Noticed zkyp's ghost (novice VSMo)
  6393 | D:6      | Reached skill level 9 in Spellcasting
  6939 | D:7      | Noticed Dowan
  6941 | D:7      | Killed Dowan
  6943 | D:7      | Noticed Duvessa
  6943 | D:7      | Reached XP level 9. HP: 46/46 MP: 8/24
  6948 | D:7      | Killed Duvessa
  7048 | D:7      | Found a staircase to the Ecumenical Temple.
  7231 | D:6      | Killed zkyp's ghost
  7231 | D:6      | Reached skill level 10 in Spellcasting
  8134 | Temple   | Entered the Ecumenical Temple
  8211 | Temple   | Became a worshipper of Vehumet
  8260 | D:8      | Noticed a two-headed ogre
  8267 | D:8      | Reached skill level 11 in Spellcasting
  8277 | D:8      | Killed a two-headed ogre
  8277 | D:8      | Reached skill level 1 in Hexes
  8277 | D:8      | Reached XP level 10. HP: 47/51 MP: 5/27
  8468 | D:8      | Found Ufe Vischid's Armour Emporium.
  8532 | D:8      | Paralysed by a hornet for 3 turns
  8535 | D:8      | Reached skill level 1 in Fighting
  9053 | D:8      | Reached skill level 12 in Spellcasting
  9449 | D:9      | Found Vupuiful's Weapon Boutique.
  9472 | D:9      | Found a shattered altar of Ashenzari.
  9573 | D:9      | Reached * piety under Vehumet
  9573 | D:9      | Offered knowledge of Shock by Vehumet.
  9581 | D:9      | Noticed a two-headed ogre
  9590 | D:9      | Killed a two-headed ogre
  9683 | D:9      | You fall through a shaft for 2 floors!
  9683 | D:11     | Noticed a white ugly thing
  9813 | D:10     | Entered Level 10 of the Dungeon
 10132 | D:10     | Noticed a two-headed ogre
 10135 | D:10     | Noticed Urug
 10146 | D:10     | Killed a two-headed ogre
 10149 | D:10     | Killed Urug
 10149 | D:10     | Reached skill level 10 in Fire Magic
 10149 | D:10     | Reached XP level 11. HP: 36/56 MP: 12/29
 10350 | D:9      | Reached skill level 13 in Spellcasting
 10379 | D:9      | Found a white marble altar of Elyvilon.
 10727 | D:9      | Reached ** piety under Vehumet
 10727 | D:9      | Offered knowledge of Sting by Vehumet.
 11139 | D:10     | Noticed Grum
 11147 | D:10     | Killed Grum
 11464 | D:10     | Found a staircase to the Lair.
 11938 | D:10     | Upgraded the game from 0.21-a0-529-g8c7b3f5 to 0.21-a0-531-gacddea6
 11960 | Lair:1   | Entered Level 1 of the Lair of Beasts
 12276 | Lair:1   | Learned a level 4 spell: Throw Icicle
 12347 | Lair:1   | Reached skill level 5 in Dodging
 12503 | Lair:1   | Reached skill level 10 in Conjurations
 12568 | Lair:1   | Noticed Erica
 12579 | Lair:1   | Killed Erica
 12908 | Lair:1   | Reached skill level 14 in Spellcasting
 13096 | Lair:1   | Offered knowledge of Mephitic Cloud by Vehumet.
 13104 | Lair:1   | Learned a level 3 spell: Mephitic Cloud
 13125 | Lair:1   | Reached skill level 1 in Ice Magic
 13760 | Lair:2   | Reached *** piety under Vehumet
 13870 | Lair:2   | Noticed a catoblepas
 13881 | Lair:2   | Killed a catoblepas
 14151 | Lair:2   | Noticed a death yak
 14154 | Lair:2   | Noticed a death yak
 14154 | Lair:2   | Noticed a death yak
 14159 | Lair:2   | Killed a death yak
 14159 | Lair:2   | Killed a death yak
 14159 | Lair:2   | Reached XP level 12. HP: 61/61 MP: 19/32
 14166 | Lair:2   | Killed a death yak
 14170 | Lair:2   | Offered knowledge of Ignite Poison by Vehumet.
 14498 | Lair:2   | You fall through a shaft!
 14499 | Lair:3   | Found a hole to the Spider Nest.
 14571 | Lair:3   | Noticed a death yak
 14571 | Lair:3   | Noticed a death yak
 14571 | Lair:3   | Noticed a death yak
 14571 | Lair:3   | Noticed a death yak
 14571 | Lair:3   | Noticed a death yak
 14571 | Lair:3   | Noticed a death yak
 14571 | Lair:3   | Noticed a seven-headed hydra
 14828 | Lair:3   | Killed a seven-headed hydra
 14892 | Lair:3   | Reached skill level 5 in Stealth
 14928 | Lair:3   | Reached skill level 15 in Spellcasting
 15021 | Lair:3   | Killed a death yak
 15021 | Lair:3   | Killed a death yak
 15025 | Lair:3   | Killed a death yak
 15043 | Lair:3   | Killed a death yak
 15043 | Lair:3   | Killed a death yak
 15216 | Lair:3   | Killed a death yak
 15602 | Lair:3   | You fall through a shaft!
 15610 | Lair:4   | Reached **** piety under Vehumet
 15988 | Lair:1   | Learned a level 3 spell: Regeneration
 16015 | Lair:1   | Gained mutation: You are weak. (Str -2) [potion of mutation]
 16015 | Lair:1   | Gained mutation: Your natural rate of healing is unusually fast. [potion of mutation]
 16062 | Lair:1   | Lost mutation: You are weak. (Str -2) [potion of mutation]
 16062 | Lair:1   | Lost mutation: Your natural rate of healing is unusually fast. [potion of mutation]
 16062 | Lair:1   | Gained mutation: Your magical capacity is low. (-10% MP) [potion of mutation]
 16062 | Lair:1   | Gained mutation: You are weak. (Str -2) [potion of mutation]
 16062 | Lair:1   | Lost mutation: You are weak. (Str -2) [potion of mutation]
 16134 | Lair:4   | Offered knowledge of Airstrike by Vehumet.
 16234 | Lair:4   | Found a staircase to the Shoals.
 16512 | Lair:4   | Reached XP level 13. HP: 65/65 MP: 26/31
 16716 | Lair:4   | Reached skill level 16 in Spellcasting
 17475 | Lair:5   | Noticed Snorg
 17488 | Lair:5   | Killed Snorg
 17566 | Lair:5   | Reached ***** piety under Vehumet
 17625 | Lair:5   | Offered knowledge of Bolt of Magma by Vehumet.
 17632 | Lair:5   | Learned a level 5 spell: Bolt of Magma
 18198 | Lair:6   | Entered Level 6 of the Lair of Beasts
 18206 | Lair:6   | Reached skill level 1 in Poison Magic
 18492 | Lair:6   | Reached skill level 5 in Ice Magic
 18808 | Lair:6   | Reached skill level 17 in Spellcasting
 18809 | Lair:6   | Noticed Kirke
 18912 | Lair:6   | Killed Kirke
 19199 | Lair:6   | Reached XP level 14. HP: 70/70 MP: 33/33
 20535 | Lair:6   | Found a runed door.
 20535 | Lair:6   | Found a viscous altar of Jiyva.
 20537 | Lair:6   | Noticed an azure jelly
 20539 | Lair:6   | Found a staircase to the Slime Pits.
 20539 | Lair:6   | Noticed an azure jelly
 20785 | D:11     | Got a dazzling ring mail
 20786 | D:11     | Identified the cursed +1 ring mail of Duck's Teeth {rC+ Int+2 Stlth+} (You found it on level 11 of the Dungeon)
 21331 | D:12     | Offered knowledge of Poison Arrow by Vehumet.
 21474 | D:12     | Reached skill level 1 in Earth Magic
 21491 | D:12     | Found an iron altar of Okawaru.
 21491 | D:12     | Found a deep blue altar of Sif Muna.
 21492 | D:12     | Noticed a vampire knight
 21833 | D:12     | Demolished by a freezing wraith

Vault maps used:
D:1:      sevenhm_arrival_forest_fort_large_3
D:2:      lemuel_doored_altar, first_bread
D:3:      marbit_many_paths, nemelex_xobeh_ov_fountains_minmay
D:4:      fountainhead, serial_bayou_pond_c, minmay_misc_feat_ornament,
          minivault_11, uniq_ijyb
D:5:      lemuel_coloured_pillars_altar, yredelemnul_altar_generic,
          kennysheep_mini_moat, basic_altar, uniq_pikel
D:7:      minmay_temple_entry_nine_rooms, minmay_fire_ice_demons, uniq_duvessa
D:8:      serial_shops, shop, hangedman_pestilent_swarm
D:9:      elyvilon_altar_4, nicolae_overflow_crystal_walls, serial_shops,
          nicolae_shop_waterfront
D:10:     lair_entry_dummy, minmay_hedge_maze, uniq_grum, uniq_urug
D:11:     basic_loot_grate_trap
D:12:     orc_0_dummy, jmf_multi_god_temple
Temple:   dpeg_chambers_temple
Lair:1:   lemuel_old_faithful, uniq_erica
Lair:3:   dummy_spider_entry
Lair:4:   elwin_shoals_entry_rocks, minivault_19
Lair:5:   serial_bayou_shore_a, uniq_snorg
Lair:6:   gammafunk_lair_ancient_temple, slime_altar_2, minivault_26, uniq_kirke

Skill      XL: |  1  2  3  4  5  6  7  8  9 10 11 12 13 14 |
---------------+-------------------------------------------+-----
Fire Magic     | 4 5 6 8 10 11 12 13 14 | 14.5
Spellcasting   | 4 5 6 7 9 11 12 14 15 17 | 17.9
Conjurations   | 2 3 4 5 6 7 9 10 12 13 14 | 14.1
Dodging        | 3 4 5 |  5.9
Armour         | 1 2 3 |  3.9
Stealth        | 3 4 5 |  5.1
Hexes          | 1 2 3 |  3.1
Fighting       | 1 |  1.3
Ice Magic      | 1 3 5 |  5.8
Poison Magic   | 1 |  1.7
Earth Magic    | 1 |  1.2
Charms         | |  0.1
Air Magic      | |  0.7
Evocations     | |  0.1

Action                   |  1- 3 |  4- 6 |  7- 9 | 10-12 | 13-15 || total
-------------------------+-------+-------+-------+-------+-------++-------
Melee: Unarmed           |     7 |       |       |       |       ||     7
       Staff             |       |       |       |     3 |     7 ||    10
 Cast: Flame Tongue      |    57 |   142 |   132 |   195 |    46 ||   572
       Conjure Flame     |       |     1 |    11 |    15 |     1 ||    28
       Sticky Flame      |       |       |    22 |    64 |    31 ||   117
       Inner Flame       |       |       |     2 |    11 |     2 ||    15
       Fireball          |       |       |    14 |    80 |   126 ||   220
       Throw Icicle      |       |       |       |    35 |    38 ||    73
       Mephitic Cloud    |       |       |       |     3 |     8 ||    11
       Bolt of Magma     |       |       |       |       |    38 ||    38
Evoke: Wand              |       |       |       |       |     1 ||     1
  Use: Scroll            |       |       |     5 |    17 |     7 ||    29
       Potion            |       |       |       |    11 |     2 ||    13
  Eat: Chunk             |     1 |     7 |    16 |    26 |    15 ||    65
       Fruit             |       |       |     1 |     2 |     2 ||     5
       Royal jelly       |       |       |       |     2 |       ||     2
Armor: Leather armour    |    43 |     8 |    21 |    45 |     1 ||   118
       Skin              |       |       |       |     7 |       ||     7
       Robe              |       |       |       |       |    16 ||    16
Dodge: Dodged            |    58 |    31 |    48 |    76 |    44 ||   257

Table legend:
 A = Spawn XP
 B = Non-spawn XP
 C = Spawn XP percentage of total XP
 D = Spawn monster count
 E = Non-spawn monster count
 F = Spawn count percentage of total count
 G = Total turns spent on level
                    A         B        C        D         E        F      G
               +---------+---------+-------+---------+---------+-------+---------
         Total |       0 |   84386 |   0.0 |       0 |     458 |   0.0 | 21833
               +---------+---------+-------+---------+---------+-------+---------
           D:1 |       0 |      34 |   0.0 |       0 |      20 |   0.0 |   956
           D:2 |       0 |      94 |   0.0 |       0 |      22 |   0.0 |  1124
           D:3 |       0 |     198 |   0.0 |       0 |      26 |   0.0 |   836
           D:4 |       0 |     533 |   0.0 |       0 |      22 |   0.0 |  1364
           D:5 |       0 |     785 |   0.0 |       0 |      11 |   0.0 |  1387
           D:6 |       0 |    1516 |   0.0 |       0 |      22 |   0.0 |  1405
           D:7 |       0 |    1246 |   0.0 |       0 |      23 |   0.0 |  1345
           D:8 |       0 |    2611 |   0.0 |       0 |      24 |   0.0 |   814
           D:9 |       0 |    2185 |   0.0 |       0 |      25 |   0.0 |  1189
          D:10 |       0 |    3969 |   0.0 |       0 |      29 |   0.0 |  1436
          D:11 |       0 |    3194 |   0.0 |       0 |      19 |   0.0 |   859
          D:12 |       0 |    6064 |   0.0 |       0 |      30 |   0.0 |   382
        Lair:1 |       0 |    5672 |   0.0 |       0 |      22 |   0.0 |  1924
        Lair:2 |       0 |    5640 |   0.0 |       0 |      18 |   0.0 |  1203
        Lair:3 |       0 |    9093 |   0.0 |       0 |      19 |   0.0 |  1077
        Lair:4 |       0 |    7535 |   0.0 |       0 |      25 |   0.0 |  1125
        Lair:5 |       0 |    8277 |   0.0 |       0 |      25 |   0.0 |  1955
        Lair:6 |       0 |   25740 |   0.0 |       0 |      76 |   0.0 |  1361
               +---------+---------+-------+---------+---------+-------+---------
